 Dungeon Crawl Stone Soup version 0.28-a0-938-gbc3f381ebc (webtiles) character file.

Game seed: 12878310106295047413

12894 cheechan the Basher (level 12, -1/81 HPs)
             Began as an Octopode Hunter on Nov 28, 2021.
             Was an Initiate of Gozag.
             Slain by an eight-headed hydra (12 damage)
             ... on level 12 of the Dungeon.
             The game lasted 00:58:51 (12461 turns).

cheechan the Basher (Octopode Hunter)              Turns: 12461, Time: 00:58:51

Health: -1/81      AC:  1    Str: 20    XL:     12   Next: 0%
Magic:  12/12      EV: 17    Int: 10    God:    Gozag
Gold:   946        SH:  9    Dex: 21    Spells: 9/11 levels left

rFire   x . .      SeeInvis .   y - +5 flail (vamp)
rCold   + . .      Faith    .   x - +3 warlock's mirror {reflect}
rNeg    . . .      Spirit   .   (helmet restricted)
rPois   .          Reflect  +   M - necklace of Bloodlust {*Rage Will++ Int-3 Slay+6}
rElec   .          Harm     .   a - +6 ring of strength
rCorr   .          Rampage  .   I - ring of ice
Will    ++...      Rage     50% r - +6 ring of dexterity
Stlth   +++++.....              (no ring)
HPRegen 0.23/turn               (no ring)
MPRegen 0.13/turn               (no ring)
                                (no ring)
                                (no ring)

@: about to teleport, gold aura, on berserk cooldown, slowed, very slow
A: almost no armour, amphibious, 8 rings, camouflage 1, gelatinous body 1,
(nimble swimmer 1), tentacles
a: Renounce Religion, Potion Petition, Call Merchant, Bribe Branch


You were on level 12 of the Dungeon.
You worshipped Gozag.
Gozag was pleased with you.
You visited 2 branches of the dungeon, and saw 13 of its levels.
You also visited: Ossuary.

You collected 1951 gold pieces.
You spent 460 gold pieces at shops.
You paid 545 gold pieces to Gozag.

Inventory:

Hand Weapons
 b - the +7 dagger "Genygaah" {protect, Int-4 Dex+8}
   (You took it off an orc priest on level 12 of the Dungeon)

   It grants its wielder temporary protection when it strikes (+7 to AC).
   Int:       It affects your intelligence (-4).
   Dex:       It affects your dexterity (+8).
 h - a +4 vampiric mace
 o - a +0 hand crossbow
 y - a +5 vampiric flail (weapon)
 A - a +3 great sword
 B - a +2 mace of holy wrath
 C - a +0 hunting sling
 J - a +2 war axe of venom
 L - a +2 whip of pain
Missiles
 i - 40 poisoned darts
 l - 240 arrows
 m - 75 bolts
 D - 4 atropa-tipped darts
 E - a throwing net
 F - 93 sling bullets
 K - 4 javelins (quivered)
Armour
 x - the +3 warlock's mirror (worn) {reflect}
   (You acquired it on level 4 of the Dungeon)

   It can block and reflect piercing ranged attacks and magical attacks against
   the wielder's willpower.
Magical Staves
 j - a staff of conjuration
Jewellery
 a - a +6 ring of strength (left tentacle)
 r - a +6 ring of dexterity (on tentacle)
 u - an amulet of magic regeneration
 I - a ring of ice (right tentacle)
 M - the necklace of Bloodlust (around mantle) {*Rage Will++ Int-3 Slay+6}
   (You bought it in a shop on level 10 of the Dungeon)

   [amulet of nothing]

   It extends the wearer's berserk rage when killing foes.
   Int:       It affects your intelligence (-3).
   Slay:      It affects your accuracy & damage with ranged weapons and melee
   (+6).
   *Rage:     It berserks you when you make melee attacks (+50% chance).
   Will:      It greatly increases your willpower.
Wands
 c - a wand of flame (3)
 N - a wand of polymorph (7)
 P - a wand of acid (14)
Scrolls
 f - a scroll of enchant armour
 s - 2 scrolls of amnesia
 S - a scroll of fog
Potions
 d - 3 potions of cancellation
 e - a potion of invisibility
 g - a potion of resistance
 k - a potion of flight
 n - a potion of curing
 p - 3 potions of attraction
 q - 5 potions of haste
 v - a potion of mutation {unknown}
 w - a potion of magic
 z - a potion of berserk rage {unknown}
 G - a potion of might {unknown}
 Q - a potion of experience {unknown}
Miscellaneous
 t - a phantom mirror
 O - a phial of floods


   Skills:
 + Level 7.4 Fighting
 + Level 0.6 Short Blades
 + Level 11.0 Maces & Flails
 + Level 10.8 Throwing
 + Level 5.9 Dodging
 + Level 7.2 Stealth
 + Level 4.4 Shields
 + Level 3.1 Evocations


You had 9 spell levels left.
You knew the following spells:

 Your Spells              Type           Power      Damage    Failure   Level
a - Blink                 Tloc           0%         N/A       50%         2

Your spell library contained the following spells:

 Spells                   Type           Power      Damage    Failure   Level
 Sandblast                Erth           0%         2d4       36%         1
 Shock                    Conj/Air       0%         1d3       36%         1
 Summon Small Mammal      Summ           0%         N/A       36%         1
 Passwall                 Tmut/Erth      0%         N/A       50%         2
 Call Canine Familiar     Summ           0%         N/A       75%         3
 Frozen Ramparts          Ice            0%         1d2       75%         3
 Lesser Beckoning         Tloc           0%         N/A       75%         3
 Stone Arrow              Conj/Erth      0%         3d7       75%         3
 Summon Guardian Golem    Hex/Summ       0%         N/A       75%         3
 Swiftness                Air            0%         N/A       75%         3
 Airstrike                Air            0%         N/A       98%         4
 Ice Form                 Ice/Tmut       0%         N/A       98%         4
 Olgreb's Toxic Radiance  Pois           0%         N/A       98%         4
 Summon Ice Beast         Ice/Summ       0%         N/A       98%         4
 Manifold Assault         Tloc           0%         N/A       100%        5
 Malign Gateway           Summ/Tloc      0%         N/A       100%        7
 Ozocubu's Refrigeration  Ice            0%         4d5       100%        7
 Ignition                 Fire           0%         3d3       100%        8
 Lehudib's Crystal Spear  Conj/Erth      0%         10d2      100%        8
 Summon Horrible Things   Summ           0%         N/A       100%        8
 Animate Armour           Summ/Erth      Unusable   N/A       N/A         4

Dungeon Overview and Level Annotations

Branches:
Dungeon (12/15)            Temple (1/1) D:4            Lair (0/6) D:10
    Orc (0/2) D:12        Ossuary (visited)

Altars:
Ashenzari
Cheibriados
Dithmenos
Elyvilon
Fedhas
Gozag
Hepliaklqana
Kikubaaqudgha
Makhleb
Nemelex Xobeh
Okawaru
Qazlal
Ru
Sif Muna
Trog
Uskayaw
Vehumet
Wu Jian
Xom
Yredelemnul
Zin
The Shining One

Shops:
D:6 *   D:10 =


Innate Abilities, Weirdness & Mutations

You cannot wear most types of armour.
You are amphibious.
You can wear up to eight rings at the same time.
Your skin changes colour to match your surroundings (Stealth+).
Your rubbery body absorbs attacks. (AC +1, EV +1)
((You are camouflaged near water. (Stealth+)))
You have tentacles for arms and can constrict up to eight enemies at once.


Message History

You block the eight-headed hydra's attack.
The eight-headed hydra barely misses you.
The eight-headed hydra bites you!
The eight-headed hydra barely misses you.
The eight-headed hydra bites you!
The eight-headed hydra closely misses you.
What are your orders? t - Shout!
Orders for allies: a - Attack new target. r - Retreat! s - Stop attacking. g - Guard the area. f - Follow me.
Anything else - Cancel.
Okay, then.
Okay, then.
Okay, then.
The eight-headed hydra bites you! The eight-headed hydra bites you. x3
The eight-headed hydra barely misses you.
The eight-headed hydra bites you. The eight-headed hydra bites you!
* * * LOW HITPOINT WARNING * * *
The eight-headed hydra bites you.
* * * LOW HITPOINT WARNING * * *
You feel much better.
You block the eight-headed hydra's attack.
The eight-headed hydra closely misses you.
The eight-headed hydra bites you.
The eight-headed hydra closely misses you.
The eight-headed hydra bites you.
The eight-headed hydra barely misses you.
The eight-headed hydra bites you!
You block the eight-headed hydra's attack.
As you read the scroll of teleportation, it crumbles to dust.
You feel strangely unstable. The eight-headed hydra bites you!
* * * LOW HITPOINT WARNING * * *
The eight-headed hydra bites you!
* * * LOW HITPOINT WARNING * * *
The eight-headed hydra closely misses you.
You block the eight-headed hydra's attack.
The eight-headed hydra bites you!
You die...
Your body crumbles into a pile of gold.

#.######.######......#'#...##
#.### #............##.##...#
#...# #.######....##...##...
#.......# #.# #...##.....##..
..###...# #.# ....#⌠..♣..⌠#..
##.## #.# ###....##.....##..
#.# #.# #.......##...##...
#.# ##.# #........##⌠##...#
#.# #..# #@?..<....###....#
#.####..###D#....#.........#
............#..............#
#..###.###..#############.##
. #. #..# .# #. #..# $ #.
#..# .. ...# #. #.#.


You could see an eight-headed hydra.

Vanquished Creatures
  A boulder beetle (D:12)
  A centaur warrior (D:11)
  Erica (D:10)
  A two-headed ogre (D:8)
  The ghost of bande the Cleaver, a journeyman GrFi of Okawaru (D:12)
  A gargoyle (D:12)
  An unseen horror (D:11)
  Maggie (D:6)
  A kobold demonologist (D:11)
  2 komodo dragons
  6 trolls
  The ghost of RatsInWall the Conjurer, an amateur TeCj of Vehumet (D:6)
  11 yaks
  A wyvern (D:9)
  4 wraiths
  3 wargs
  Edmund (D:5)
  A water moccasin (D:9)
  2 ice beasts
  4 sky beasts
  4 orc warriors
  An ogre (D:5)
  5 centaurs
  A phantom (D:6)
  3 kobold brigands
  An elf zombie (Ossuary)
  Blork the orc (D:4)
  A bullfrog (D:9)
  5 scorpions
  2 water moccasin skeletons
  6 killer bees (D:8)
  3 wights (D:8)
  7 howler monkeys
  A human zombie (Ossuary)
  6 centaur zombies
  A hound (D:7)
  7 orc priests
  2 centaur skeletons
  An iguana (D:6)
  9 orc wizards
  A howler monkey zombie (D:9)
  2 mummies (Ossuary)
  3 gnolls (D:6)
  A howler monkey skeleton (D:5)
  4 adders
  A shadow imp (D:7)
  2 white imps
  3 adder zombies (Ossuary)
  A worm (D:2)
  The ghost of shoop the Sneak, a weakling DsDe (D:4)
  31 orcs
  An endoplasm (D:3)
  3 giant cockroaches
  9 goblins
  6 hobgoblins
  8 jackals
  2 quokkas (D:1)
  5 ball pythons
  A bat (D:2)
  2 frilled lizards
  A goblin zombie (Ossuary)
  6 hobgoblin zombies (Ossuary)
  19 kobolds
  9 kobold zombies (Ossuary)
  12 orc zombies (Ossuary)
  6 rats
  A rat zombie (Ossuary)
253 creatures vanquished.

Vanquished Creatures (others)
  A sky beast (D:7)
  An orc priest (D:12)
2 creatures vanquished.

Grand Total: 255 creatures vanquished

Notes
Turn   | Place    | Note
-------+----------+-------------------------------------------
     0 | D:1      | cheechan the Octopode Hunter began the quest for the Orb.
     0 | D:1      | Reached XP level 1. HP: 14/14 MP: 1/1
    93 | D:1      | Reached XP level 2. HP: 11/19 MP: 2/2
   128 | D:1      | Found a faded altar of an unknown god.
   937 | D:1      | Reached XP level 3. HP: 24/24 MP: 3/3
  2001 | D:3      | Reached skill level 5 in Throwing
  2380 | D:3      | Reached XP level 4. HP: 29/29 MP: 4/4
  2458 | D:4      | Noticed Blork the orc
  2469 | D:4      | Killed Blork the orc
  2470 | D:4      | Reached XP level 5. HP: 12/35 MP: 5/5
  2492 | D:4      | Found a sand-covered staircase.
  2503 | Ossuary  | Entered an ossuary
  2958 | Ossuary  | Reached skill level 1 in Maces & Flails
  2958 | Ossuary  | Reached XP level 6. HP: 27/41 MP: 6/6
  3169 | Ossuary  | Reached skill level 2 in Maces & Flails
  3647 | D:4      | Found a runed translucent gate.
  3648 | D:4      | Found a runed translucent gate.
  3648 | D:4      | Found a runed translucent gate.
  3648 | D:4      | Noticed shoop's ghost (weakling DsDe)
  3663 | D:4      | Killed shoop's ghost
  3673 | D:4      | Reached XP level 7. HP: 39/46 MP: 7/7
  3716 | D:4      | Reached skill level 3 in Maces & Flails
  3834 | D:4      | Found a staircase to the Ecumenical Temple.
  3852 | Temple   | Entered the Ecumenical Temple
  4055 | Temple   | Became a worshipper of Gozag Ym Sagoz the Greedy
  4214 | D:4      | Acquired the +3 warlock's mirror {reflect}
  4214 | D:4      | Found the +3 warlock's mirror {reflect}
  4475 | D:5      | Entered Level 5 of the Dungeon
  4475 | D:5      | Noticed Edmund
  4483 | D:5      | Killed Edmund
  4519 | D:5      | Reached skill level 4 in Maces & Flails
  4610 | D:5      | Reached XP level 8. HP: 54/54 MP: 8/8
  5023 | D:5      | Found a blossoming altar of Fedhas.
  5226 | D:6      | Reached skill level 5 in Maces & Flails
  5261 | D:6      | Noticed Maggie
  5757 | D:6      | Found Neph's General Store.
  5820 | D:6      | Reached skill level 1 in Shields
  5824 | D:6      | Killed Maggie
  5825 | D:6      | Reached XP level 9. HP: 47/59 MP: 9/9
  5843 | D:6      | Bought a scroll of identify for 24 gold pieces
  5966 | D:6      | Found a runed translucent gate.
  5967 | D:6      | Found a runed translucent gate.
  5968 | D:6      | Found a runed translucent gate.
  5973 | D:6      | Noticed RatsInWall's ghost (amateur TeCj)
  5995 | D:6      | Killed RatsInWall's ghost
  5996 | D:6      | Reached skill level 6 in Maces & Flails
  6700 | D:7      | Learned a level 2 spell: Blink
  7318 | D:7      | Reached skill level 5 in Stealth
  8014 | D:8      | Reached skill level 7 in Maces & Flails
  8023 | D:8      | Reached skill level 5 in Fighting
  8474 | D:8      | Noticed a two-headed ogre
  8488 | D:8      | Killed a two-headed ogre
  8489 | D:8      | Reached XP level 10. HP: 26/66 MP: 10/10
  9170 | D:9      | Reached skill level 8 in Maces & Flails
  9623 | D:10     | Entered Level 10 of the Dungeon
  9635 | D:10     | Noticed Erica
  9640 | D:10     | Killed Erica
  9641 | D:10     | Reached skill level 5 in Dodging
  9708 | D:10     | Reached skill level 1 in Evocations
  9782 | D:10     | Found a staircase to the Lair.
  9886 | D:10     | Reached skill level 9 in Maces & Flails
  9886 | D:10     | Reached skill level 10 in Throwing
  9996 | D:10     | Reached XP level 11. HP: 64/72 MP: 11/11
 10500 | D:10     | Bought the necklace of Bloodlust {*Rage Will++ Int-3
                  | Slay+6} for 436 gold pieces
 10500 | D:10     | Found the necklace of Bloodlust {*Rage Will++ Int-3 Slay+6}
 10764 | D:11     | Noticed a centaur warrior
 10772 | D:11     | Killed a centaur warrior
 10829 | D:11     | Noticed a sixfirhy
 10832 | D:11     | Noticed a sixfirhy
 10838 | D:11     | HP: 1/74 [sixfirhy[a kobold demonologist] (12)]
 11100 | D:11     | Reached skill level 10 in Maces & Flails
 11904 | D:12     | Found a staircase to the Orcish Mines.
 11907 | D:12     | Noticed a boulder beetle
 11915 | D:12     | Identified the +7 dagger "Genygaah" {protect, Int-4 Dex+8}
 12022 | D:12     | Killed a boulder beetle
 12109 | D:12     | Found a runed translucent door.
 12124 | D:12     | Noticed bande's ghost (journeyman GrFi)
 12154 | D:12     | Killed bande's ghost
 12449 | D:12     | Reached skill level 11 in Maces & Flails
 12449 | D:12     | Reached XP level 12. HP: 81/81 MP: 12/12
 12454 | D:12     | Noticed an eight-headed hydra
 12461 | D:12     | Slain by an eight-headed hydra

Illustrated notes

Levels and vault maps discovered:
D:1:      shiori_arrival_elements, layout_basic,
          chequers_ecumenical_altar_simple
D:2:      layout_basic
D:3:      layout_rooms
D:4:      layout_loops_ring, minmay_temple_entry_arrows,
          ebering_ghost_rock_garden, nicolae_ossuary_entry_monument,
          uniq_blork_the_orc
D:5:      nicolae_cairo_tiling, layout_basic, mainiacjoe_overflow_brackets,
          uniq_edmund
D:6:      layout_loops_ring, serial_shops, shop, ebering_ghost_rock_garden,
          uniq_maggie
D:7:      layout_basic
D:8:      layout_cave_pods
D:9:      layout_rooms
D:10:     layout_basic, erik_lair_orcish_takeover, uniq_erica
D:11:     layout_roguey
D:12:     minmay_chambers_of_sixes, layout_loops_ring, erik_orc_4,
          hellmonk_ghost_happy_afterlife
Temple:   mainiacjoe_temple_starburst

Skill      XL: |  1  2  3  4  5  6  7  8  9 10 11 |
---------------+----------------------------------+-----
Throwing       | 5 6 8 9 10 | 10.8
Stealth        | 2 3 4 5 6 7 |  7.2
Maces & Flails | 1 2 4 5 7 9 11 | 11.0
Fighting       | 3 4 5 6 7 |  7.4
Dodging        | 3 4 5 |  5.9
Shields        | 1 2 3 4 |  4.4
Evocations     | 1 3 |  3.1
Short Blades   | |  0.6

Action                   |  1- 3 |  4- 6 |  7- 9 | 10-12 || total
-------------------------+-------+-------+-------+-------++-------
Melee: Short sword       |    29 |       |       |       ||    29
       Constrict         |    15 |    15 |    21 |    18 ||    69
       Tentacles         |     8 |    21 |    41 |    64 ||   134
       Dagger            |    25 |     5 |       |       ||    30
       Flail             |       |    71 |   152 |   182 ||   405
Throw: Javelin           |    44 |    16 |    20 |    32 ||   112
       Throwing net      |     1 |     2 |       |     2 ||     5
       Dart              |       |     2 |     3 |    33 ||    38
       Boomerang         |       |     2 |    81 |       ||    83
Invok: Call Merchant     |       |       |       |     1 ||     1
Evoke: Wand              |       |       |     2 |    24 ||    26
  Use: Scroll            |     6 |     1 |    16 |    10 ||    33
       Potion            |       |       |     5 |     5 ||    10
 Stab: Sleeping          |     1 |     1 |     4 |     3 ||     9
       Held in net/web   |       |     2 |       |       ||     2
       Distracted        |       |       |     1 |     2 ||     3
Armor: Skin              |     2 |     2 |    31 |    21 ||    56
Dodge: Dodged            |    42 |    50 |    66 |    99 ||   257
Block: Buckler           |       |       |    47 |    69 ||   116
       Reflection        |       |       |     1 |     8 ||     9

Table legend: (Time is in decaauts)
 A = Elapsed time spent in this place.
 B = Non-inter-level travel time spent in this place.
 C = Inter-level travel time spent in this place.
 D = Time resting spent in this place.
 E = Time spent auto-exploring this place.
 F = Levels seen in this place.
 G = Mean time per level.
                   A        B        C        D        E       F      G
               +--------+--------+--------+--------+--------+-----+--------+
         Total |  12609 |  12609 |      0 |   2815 |      0 |  14 |  900.6 |
       Dungeon |  11344 |  11344 |      0 |   2158 |      0 |  12 |  945.3 |
        Temple |    301 |    301 |      0 |      0 |      0 |   1 |  301.0 |
       Ossuary |    963 |    963 |      0 |    657 |      0 |   1 |  963.0 |
               +--------+--------+--------+--------+--------+-----+--------+

Top non-repeatable levels by time:
    D:11: 1424 daAuts
     D:8: 1384 daAuts
     D:7: 1237 daAuts
     D:6: 1150 daAuts
     D:1: 996 daAuts
 Ossuary: 963 daAuts
    D:10: 888 daAuts
     D:2: 874 daAuts
     D:4: 800 daAuts
     D:5: 715 daAuts
     D:9: 685 daAuts
    D:12: 609 daAuts
     D:3: 579 daAuts
  Temple: 301 daAuts
